Map: [ESL] Dynasty

Players

goblin - Winner!

  • Race: Protoss Protoss
  • Spawn Location: 7:00

SKillous

  • Race: Protoss Protoss
  • Spawn Location: 1:00

Event: ESL SC2 Masters 2024 Spring (Regional)

VOD

Have the link to the VOD?

Description

Time

  • Played on: April 18, 2024, 12:21 p.m.
  • Length: 7:59

All games in this series

Show
View Real Time Build Order
Export as new Build Order

goblin Protoss - Winner!

Build Orders: Phoenix Opening 

Get SALT Encoding   

  12  0:00  Probe  
  13  0:12  Probe  
  14  0:17  Pylon  
  14  0:24  Probe (Chrono Boost)  
  15  0:36  Probe (Chrono Boost)  
  15  0:37  Gateway  
  16  0:44  Probe (Chrono Boost)  
  16  0:46  Assimilator  
  17  0:51  Probe  
  17  0:54  Assimilator  
  18  1:03  Probe (Chrono Boost)  
  19  1:07  Gateway  
  19  1:13  Probe (Chrono Boost)  
  19  1:18  Probe (Chrono Boost)  
  20  1:24  Cybernetics Core  
  21  1:29  Probe  
  22  1:36  Pylon  
  22  1:41  Probe  
  23  1:54  Probe  
  24  2:01  Sentry, Stalker  
  24  2:02  Warp Gate  
  24  2:06  Probe  
  24  2:08  Pylon  
  29  2:19  Probe  
  30  2:26  Stalker  
  32  2:31  Probe  
  32  2:32  Phoenix  
  32  2:33  Sentry  
  35  2:53  Nexus, Probe  
  36  3:03  Pylon, Sentry  
  38  3:07  Probe  
  39  3:18  Shield Battery  
  39  3:19  Robotics Facility  
  39  3:24  Probe  
  39  3:36  Probe  
  40  3:48  Probe (Chrono Boost)  
  41  3:49  Twilight Council  
  41  4:00  Probe (Chrono Boost)  
  42  4:04  Immortal (Chrono Boost)  
  42  4:05  Probe (Chrono Boost)  
  42  4:08  Probe (Chrono Boost)  
  49  4:19  Blink  
  49  4:20  Probe x2 (Chrono Boost)  
  50  4:25  Adept x2  
  50  4:26  Probe (Chrono Boost)  
  50  4:28  Probe (Chrono Boost)  
  56  4:33  Pylon  
  56  4:34  Probe  
  56  4:40  Immortal (Chrono Boost)  
  60  4:50  Probe x2  
  62  5:03  Stalker x2  
  66  5:07  Probe  
  66  5:08  Probe  
  66  5:09  Pylon, Assimilator  
  60  5:22  Probe x2  
  60  5:26  Stalker x2  
  64  5:31  Gateway  
  64  5:32  Gateway  
  64  5:34  Probe x2  
  66  5:43  Immortal (Chrono Boost)  
  66  5:45  Assimilator  
  66  5:46  Pylon  
  70  5:50  Stalker  
  72  6:02  Stalker  
  76  6:08  Gateway  
  72  6:12  Pylon  
  72  6:15  Warp Prism (Chrono Boost)  
  72  6:17  Stalker  
  74  6:26  Stalker  
  74  6:27  Stalker  
  74  6:31  Stalker  
  80  6:34  Pylon  
  78  6:47  Stalker  
  80  6:54  Immortal (Chrono Boost), Stalker x3  
  90  7:12  Nexus  
  88  7:32  Stalker x5  
  88  7:36  Pylon  
  98  7:42  Forge, Probe  
Show
View Real Time Build Order
Export as new Build Order

SKillous Protoss 

Build Orders: Blink Stalkers 

Get SALT Encoding   

  12  0:00  Probe  
  13  0:12  Probe  
  14  0:17  Pylon  
  14  0:24  Probe (Chrono Boost)  
  15  0:36  Probe (Chrono Boost)  
  15  0:37  Gateway  
  16  0:43  Assimilator  
  16  0:45  Probe (Chrono Boost)  
  17  0:52  Probe (Chrono Boost)  
  17  0:55  Assimilator  
  18  1:05  Probe (Chrono Boost)  
  18  1:08  Gateway  
  19  1:13  Probe (Chrono Boost)  
  20  1:19  Probe  
  20  1:23  Cybernetics Core  
  21  1:31  Probe  
  22  1:34  Pylon  
  22  1:43  Probe  
  23  1:55  Probe  
  23  2:01  Stalker x2  
  28  2:02  Warp Gate  
  28  2:12  Pylon  
  28  2:19  Twilight Council  
  28  2:31  Stalker  
  28  2:35  Stalker  
  32  2:55  Blink (Chrono Boost)  
  32  3:14  Probe  
  32  3:16  Nexus  
  33  3:26  Probe  
  34  3:30  Pylon  
  34  3:38  Probe  
  35  3:49  Gateway  
  35  3:53  Stalker x2  
  35  3:55  Probe  
  40  4:07  Probe  
  41  4:16  Stalker  
  43  4:18  Stalker  
  43  4:23  Probe  
  46  4:30  Probe  
  47  4:34  Robotics Facility  
  47  4:38  Probe  
  48  4:45  Stalker  
  50  4:46  Stalker  
  50  4:49  Probe  
  53  4:58  Stalker  
  53  5:10  Stalker x2  
  53  5:12  Probe  
  52  5:16  Probe  
  41  5:24  Probe  
  41  5:31  Stalker  
  41  5:36  Stalker x2  
  41  5:40  Probe (Chrono Boost)  
  44  5:43  Probe (Chrono Boost)  
  45  5:50  Probe (Chrono Boost)  
  45  5:54  Probe (Chrono Boost)  
  45  5:57  Probe (Chrono Boost)  
  45  6:01  Probe (Chrono Boost)  
  47  6:08  Observer  
  48  6:11  Pylon  
  48  6:13  Probe (Chrono Boost)  
  48  6:14  Probe (Chrono Boost)  
  49  6:19  Robotics Bay  
  49  6:22  Probe (Chrono Boost)  
  49  6:23  Assimilator  
  49  6:25  Probe (Chrono Boost)  
  51  6:31  Immortal (Chrono Boost)  
  51  6:32  Probe (Chrono Boost)  
  53  6:36  Probe (Chrono Boost)  
  53  6:37  Probe (Chrono Boost)  
  57  6:47  Shield Battery  
  57  6:49  Stalker x2  
  57  6:50  Shield Battery  
  57  6:51  Pylon  
  60  6:55  Stalker  
  65  7:14  Stalker x2  
  65  7:19  Probe  
  65  7:20  Probe  
  62  7:33  Stalker  
  63  7:37  Stalker  
  63  7:38  Stalker  
  63  7:40  Probe  
Tags
 
Add a new tag
Caveats
  • Supply blocks, unpowered buildings, or Contaminate may cause inaccurate times.
  • Supply counts are checked every 10 seconds.